 Dungeon Crawl Stone Soup version 0.32-a0-999-gfa1cc04b1d (webtiles) character file.

Game seed: 2724927357153197708

541 adelrune the Sneak (level 7, -3/32 HPs)
             Began as a Spriggan Enchanter on Apr 25, 2024.
             Slain by a gnoll bouda
             ... wielding a +0 whip
              (8 damage)
             ... on level 4 of the Dungeon.
             The game lasted 00:09:00 (4110 turns).

adelrune the Sneak (Spriggan Enchanter)             Turns: 4110, Time: 00:09:00

Health: -3/32      AC:  3    Str:  4    XL:     7   Next: 5%
Magic:  1/14       EV: 16    Int: 18    God:
Gold:   252        SH:  0    Dex: 16    Spells: 6/14 levels left

rFire   . . .        a - +2 dagger (flame)
rCold   . . .        (no shield)
rNeg    . . .        b - +1 robe
rPois   .            (helmet restricted)
rElec   .            (no cloak)
rCorr   .            (gloves unavailable)
SInv    +            (boots unavailable)
Will    +....        (no amulet)
Stlth   ++++         (no ring)
HPRegen 0.25/turn    (no ring)
MPRegen 0.14/turn

%: no passive effects
@: very quick
A: very small, no large weapons, unfitting armour, see invisible, speed 3
a: no special abilities


You were on level 4 of the Dungeon.
You visited 1 branch of the dungeon, and saw 5 of its levels.

You collected 252 gold pieces.

Inventory:

Hand Weapons
 a - a +2 dagger of flaming (weapon)
Armour
 b - a +1 robe (worn)
Scrolls
 d - 2 scrolls of enchant armour
 e - a scroll of vulnerability
 f - a scroll of identify
 g - a scroll of amnesia
 l - a scroll of fog
Potions
 c - 2 potions of invisibility
 i - 2 potions of attraction
 j - 3 potions of cancellation
 o - 2 potions of haste
 q - 2 potions of degeneration
 r - a potion of curing
 s - a potion of enlightenment
 t - a potion of might {unknown}


   Skills:
 + Level 4.4 Short Blades
 - Level 2.6 Dodging
 + Level 7.7 Stealth
 - Level 4.0 Spellcasting
 + Level 6.0 Hexes


You had 6 spell levels left.
You knew the following spells:

 Your Spells              Type           Power      Damage    Failure   Level
a - Ensorcelled Hibernat  Hex/Ice        28%        N/A       6%          2
b - Tukima's Dance        Hex            25%        N/A       3%          3
c - Confusing Touch       Hex            25%        N/A       3%          3

Your spell library contained the following spells:

 Spells                   Type           Power      Damage    Failure   Level
 Jinxbite                 Hex            50%        N/A       1%          2
 Dazzling Flash           Conj/Hex       28%        N/A       13%         3
 Apportation              Tloc           6%         N/A       14%         1
 Lesser Beckoning         Tloc           6%         N/A       22%         2
 Maxwell's Portable Pile  Tloc           3%         2d(5-14)  41%         3
 Teleport Other           Tloc           3%         N/A       41%         3
 Alistair's Intoxication  Alch           2%         N/A       99%         5


Dungeon Overview and Level Annotations

Branches:
Dungeon (5/15)
 Temple: D:4-7

Altars:
Cheibriados


Innate Abilities, Weirdness & Mutations

You are very small and have problems with some larger weapons.
You are too small for most types of armour.
You have supernaturally acute eyesight. (SInv)
You cover ground extremely quickly. (Speed+++)


Message History

You climb upwards.
There is a stone staircase leading down here.
Casting: Ensorcelled Hibernation (safe; 6% risk of failure)
Confirm with . or Enter, or press ? or * to list all spells.
Aiming: Ensorcelled Hibernation (safe; 6% risk of failure)
Press: ? - help, Shift-Dir - straight line, f - gnoll bouda
Aim: a gnoll bouda, wielding a +0 whip and wearing a +0 leather armour (chance to affect: 48%)
The gnoll bouda resists with some effort.
The gnoll bouda completely misses you.
Casting: Ensorcelled Hibernation (safe; 6% risk of failure)
Confirm with . or Enter, or press ? or * to list all spells.
Aiming: Ensorcelled Hibernation (safe; 6% risk of failure)
Press: ? - help, Shift-Dir - straight line, f/p - gnoll bouda
Aim: a gnoll bouda, wielding a +0 whip and wearing a +0 leather armour (chance to affect: 48%)
The gnoll bouda resists with some effort.
The gnoll bouda misses you.
Your magical contamination has completely faded away.
Casting: Ensorcelled Hibernation (safe; 6% risk of failure)
Confirm with . or Enter, or press ? or * to list all spells.
Aiming: Ensorcelled Hibernation (safe; 6% risk of failure)
Press: ? - help, Shift-Dir - straight line, f/p - gnoll bouda
Aim: a gnoll bouda, wielding a +0 whip and wearing a +0 leather armour (chance to affect: 48%)
The gnoll bouda resists with some effort.
The gnoll bouda misses you.
Casting: Ensorcelled Hibernation (safe; 6% risk of failure)
Confirm with . or Enter, or press ? or * to list all spells.
Aiming: Ensorcelled Hibernation (safe; 6% risk of failure)
Press: ? - help, Shift-Dir - straight line, f/p - gnoll bouda
Aim: a gnoll bouda, wielding a +0 whip and wearing a +0 leather armour (chance to affect: 48%)
The gnoll bouda resists with some effort.
The gnoll bouda hits you with a +0 whip!
* * * LOW HITPOINT WARNING * * *
Casting: Ensorcelled Hibernation (safe; 6% risk of failure)
Confirm with . or Enter, or press ? or * to list all spells.
Aiming: Ensorcelled Hibernation (safe; 6% risk of failure)
Press: ? - help, Shift-Dir - straight line, f/p - gnoll bouda
Aim: a gnoll bouda, wielding a +0 whip and wearing a +0 leather armour (chance to affect: 48%)
The gnoll bouda resists with some effort.
The gnoll bouda hits you with a +0 whip!
You die...

#.##.))...#...............
#.##.)[.#.#.#######.####.. ###
#.....#.....# #.####.. ..#
####....>.### #.##.... ..#
#.####.# #.##.#).
..#########.####.## #.##.#..
..........#...)...# #.......
###.##.##.#####...# ####.###
###.##.##.# #)@.# #.#
.......##.## #..g# ##.###
.....#.....# #...# #.....
.....#.##..####...####### #..###
.....#..................####..###
.....#....................#...#..
.....#.##...............#.#.#.#.#
######.....####^..#######.#.#.#.#
######.##### #...#######.#.#....


You could see a gnoll bouda.

Vanquished Creatures
  A black bear (D:5)
  A scorpion (D:5)
  A hound (D:3)
  A bombardier beetle (D:4)
  A jelly (D:4)
  An orc wizard (D:3)
  An iguana (D:4)
  4 gnolls
  7 adders
  A ribbon worm (D:4)
  2 dart slugs
  6 orcs
  4 endoplasms
  2 giant cockroaches
  8 goblins
  A hobgoblin (D:3)
  3 jackals (D:1)
  A kobold (D:1)
  6 quokkas
  6 ball pythons
  4 bats
  3 frilled lizards
  3 rats
68 creatures vanquished.

Vanquished Creatures (collateral kills)
  An orc priest (D:4)
  An orc wizard (D:4)
  A gnoll (D:5)
  4 orcs (D:4)
7 creatures vanquished.

Vanquished Creatures (others)
  3 dancing weapons
3 creatures vanquished.

Grand Total: 78 creatures vanquished

Notes
Turn   | Place    | Note
-------+----------+-------------------------------------------
     0 | D:1      | adelrune the Spriggan Enchanter began the quest for the
                  | Orb.
     0 | D:1      | Reached XP level 1. HP: 9/9 MP: 5/5
   356 | D:1      | Reached XP level 2. HP: 12/13 MP: 6/6
   938 | D:2      | Reached XP level 3. HP: 16/16 MP: 8/8
   939 | D:2      | Identified the +2 leather armour "Usulus" {Str+2}
   948 | D:2      | Reached skill level 5 in Stealth
  1085 | D:2      | Found a snail-covered altar of Cheibriados.
  1354 | D:3      | Learned a level 2 spell: Ensorcelled Hibernation
  1358 | D:3      | Learned a level 3 spell: Tukima's Dance
  1362 | D:3      | Learned a level 3 spell: Confusing Touch
  2102 | D:3      | Reached XP level 4. HP: 4/21 MP: 4/10
  2583 | D:4      | Reached XP level 5. HP: 18/24 MP: 4/12
  2679 | D:4      | Reached skill level 6 in Stealth
  2861 | D:4      | Reached skill level 5 in Hexes
  2973 | D:4      | Reached XP level 6. HP: 28/28 MP: 6/13
  3794 | D:5      | Entered Level 5 of the Dungeon
  3822 | D:5      | Reached skill level 7 in Stealth
  4012 | D:4      | Reached XP level 7. HP: 11/32 MP: 9/14
  4110 | D:4      | Slain by a gnoll bouda

Illustrated notes

Levels and vault maps discovered:
D:1:      wander_arrival_lonely_grave, layout_basic, grunt_decor_fettered,
          minmay_misc_feat_alley
D:2:      layout_rooms, basic_altar
D:3:      layout_loops_ring
D:4:      layout_loops_cross, nicolae_half_adder
D:5:      layout_cave_pools, lemuel_zombie_altar_kikubaaqudgha,
          portal_sewer_entry_a, serial_park, serial_park_gazebo
          [serial_park_minivault_5x5_8], serial_park_fountain, uniq_pikel

Skill      XL: |  1  2  3  4  5  6 |
---------------+-------------------+-----
Spellcasting   | 3 4 |  4.0
Hexes          | 4 5 6 |  6.0
Stealth        | 5 6 7 |  7.7
Short Blades   | 2 3 4 |  4.4
Dodging        | |  2.6

Action                     |  1- 3 |  4- 6 |  7- 9 || total
---------------------------+-------+-------+-------++-------
  Melee: Dagger            |   100 |    64 |     2 ||   166
   Cast: Ensorcelled Hiber |    13 |    24 |     8 ||    45
         Tukima's Dance    |       |    10 |       ||    10
    Use: Scroll            |       |    15 |       ||    15
   Stab: Sleeping          |    18 |    24 |     2 ||    44
         Distracted        |       |     1 |       ||     1
 Armour: Robe              |    40 |    25 |     4 ||    69
  Dodge: Dodged            |    57 |    43 |     5 ||   105

Table legend: (Time is in decaauts)
 A = Elapsed time spent in this place.
 B = Non-inter-level travel time spent in this place.
 C = Inter-level travel time spent in this place.
 D = Time resting spent in this place.
 E = Time spent auto-exploring this place.
 F = Levels seen in this place.
 G = Mean time per level.
                   A        B        C        D        E       F      G
               +--------+--------+--------+--------+--------+-----+--------+
         Total |   3081 |   3029 |     52 |   1029 |   1389 |   5 |  616.2 |
       Dungeon |   3081 |   3029 |     52 |   1029 |   1389 |   5 |  616.2 |
               +--------+--------+--------+--------+--------+-----+--------+

Top non-repeatable levels by time:
     D:4: 1258 daAuts
     D:3: 785 daAuts
     D:1: 533 daAuts
     D:2: 413 daAuts
     D:5: 90 daAuts
